 Dungeon Crawl Stone Soup version 0.29.1-1-gd02db6906a (webtiles) character file.

Game seed: 12582238246687839976

1547 Earthwalker the Protected (level 8, -3/75 HPs)
             Began as a Minotaur Fighter on Oct 14, 2022.
             Succumbed to a killer bee's poison
             ... on level 6 of the Dungeon.
             The game lasted 00:08:57 (5594 turns).

Earthwalker the Protected (Minotaur Fighter)        Turns: 5594, Time: 00:08:57

Health: -3/75      AC: 10    Str: 27    XL:     8   Next: 57%
Magic:  7/7        EV:  9    Int:  4    God:
Gold:   309        SH:  5    Dex: 15    Spells: 7/7 levels left

rFire   . . .      SeeInvis .   a - +0 war axe (vamp)
rCold   . . .      Faith    .   c - +0 buckler
rNeg    . . .      Spirit   .   b - +0 scale mail
rPois   .          Reflect  .   (helmet unavailable)
rElec   .          Harm     .   (no cloak)
rCorr   .          Rampage  .   (no gloves)
Will    .....                   (no boots)
Stlth   ..........              (no amulet)
HPRegen 0.22/turn               m - +6 ring of strength
MPRegen 0.10/turn               (no ring)

@: lethally poisoned (-3 -> -30)
A: horns 3, retaliatory headbutt, iridescent scales 1, agile 1
a: no special abilities


You were on level 6 of the Dungeon.
You visited 2 branches of the dungeon, and saw 7 of its levels.

You collected 309 gold pieces.

Inventory:

Hand Weapons
 a - a +0 vampiric war axe (weapon)
Missiles
 f - 5 atropa-tipped darts (quivered)
 j - 5 boomerangs
Armour
 b - a +0 scale mail (worn)
 c - a +0 buckler (worn)
 g - +0 steam dragon scales
Jewellery
 m - a +6 ring of strength (left hand)
Wands
 e - a wand of paralysis (8)
 p - a wand of polymorph (11)
Scrolls
 k - 3 scrolls of teleportation
 n - a scroll of torment
 q - 2 scrolls of blinking
 r - a scroll of butterflies
Potions
 d - a potion of might
 h - a potion of ambrosia
 i - a potion of degeneration
 l - 2 potions of brilliance
 o - 5 potions of curing


   Skills:
 * Level 8.3 Fighting
 * Level 7.8 Axes
 * Level 8.3 Armour
 - Level 3.6 Shields


You had 7 spell levels left.
You didn't know any spells.
Your spell library contained the following spells:

 Spells                   Type           Power      Damage    Failure   Level
 Necrotise                Necr           0%         1d4       83%         1
 Summon Small Mammal      Summ           0%         N/A       83%         1
 Blink                    Tloc           0%         N/A       92%         2
 Call Canine Familiar     Summ           0%         N/A       99%         3
 Lesser Beckoning         Tloc           0%         N/A       99%         3
 Summon Guardian Golem    Hex/Summ       0%         N/A       99%         3
 Vampiric Draining        Necr           0%         2d6       99%         3
 Agony                    Necr           0%         N/A       100%        5
 Manifold Assault         Tloc           0%         N/A       100%        5


Dungeon Overview and Level Annotations

Branches:
Dungeon (6/15)             Temple (1/1) D:5

Altars:
Ashenzari
Cheibriados
Dithmenos
Elyvilon
Fedhas
Gozag
Kikubaaqudgha
Makhleb
Nemelex Xobeh
Ru
Sif Muna
Trog
Uskayaw
Vehumet
Xom
Yredelemnul
The Shining One


Innate Abilities, Weirdness & Mutations

You have a pair of large horns on your head.
You reflexively headbutt those who attack you in melee.
You are partially covered in iridescent scales. (AC +2)
You are agile. (Dex +4, Str/Int -1)


Message History

You are too injured to fight recklessly!
Unknown command.
You are too injured to fight recklessly!
Unknown command.
You are too injured to fight recklessly!
Unknown command.
You are too injured to fight recklessly!
Unknown command.
You are too injured to fight recklessly!
You barely miss the killer bee. Your headbutt misses the killer bee.
The killer bee is almost dead.
You slash the killer bee!
You kill the killer bee!
You miss the killer bee. x2
You feel extremely sick. The killer bee misses you. You furiously retaliate!
You headbutt the killer bee. The killer bee stings you.
You block the killer bee's attack.
The killer bee stings you but does no damage.
The killer bee stings you!
* * * LOW HITPOINT WARNING * * *
You are more poisoned.
The killer bee poisons you!
The killer bee stings you but does no damage.
You miss the killer bee. Your headbutt misses the killer bee.
The killer bee is severely wounded.
You miss the killer bee. x2
* * * LOW HITPOINT WARNING * * *
You feel extremely sick.
The killer bee stings you but does no damage.
You block the killer bee's attack. The killer bee stings you.
* * * LOW HITPOINT WARNING * * *
The killer bee closely misses you. x3
The killer bee stings you but does no damage.
The killer bee barely misses you. The killer bee stings you.
* * * LOW HITPOINT WARNING * * *
You closely miss the killer bee.
The killer bee is severely wounded.
You hit the killer bee.
You feel better.
You barely miss the killer bee.
You die...

..############
..#..........######
..#....†...........
...................
...................
^.................. #
........###'######+##..#
........#.......†y......
....^...#.......@yo.....
†.......#########y.##...
^..^............#..#
................#..#
^.)^............+..#
....#...........#...
....#...........#....
....#...........#..###+########
.#..#...........####.(........#


You could see 3 killer bees and an orc.

Vanquished Creatures
  A steam dragon (D:6)
  Menkaure (D:4)
  An ice beast (D:5)
  A black bear (D:5)
  2 ogres
  A centaur (D:6)
  A phantom (D:5)
  A necrophage (D:6)
  A bullfrog (D:6)
  2 scorpions
  A killer bee (D:6)
  A howler monkey (D:5)
  2 jellies
  3 hounds
  5 iguanas
  An orc wizard (D:5)
  7 adders
  A shadow imp (D:4)
  A white imp (D:6)
  3 dart slugs
  6 orcs
  7 endoplasms
  5 giant cockroaches
  9 goblins
  10 hobgoblins
  2 jackals (D:4)
  3 quokkas
  4 ball pythons
  8 bats
  2 frilled lizards
  6 kobolds
  5 rats
104 creatures vanquished.

Notes
Turn   | Place    | Note
-------+----------+-------------------------------------------
     0 | D:1      | Earthwalker the Minotaur Fighter began the quest for the
                  | Orb.
     0 | D:1      | Reached XP level 1. HP: 19/19 MP: 0/0
    76 | D:1      | Reached XP level 2. HP: 27/27 MP: 1/1
   684 | D:2      | Reached XP level 3. HP: 33/33 MP: 2/2
   857 | D:2      | Found a faded altar of an unknown god.
  1619 | D:3      | Reached XP level 4. HP: 41/41 MP: 3/3
  1825 | D:3      | Found a white marble altar of Elyvilon.
  1827 | D:3      | Found an opulent altar of Gozag.
  2214 | D:3      | Found a hide-covered altar of Uskayaw.
  2216 | D:3      | Found a sparkling altar of Nemelex Xobeh.
  2486 | D:4      | Noticed a scorpion
  2490 | D:4      | Killed a scorpion
  2491 | D:4      | Reached skill level 5 in Fighting
  2491 | D:4      | Reached skill level 5 in Armour
  2491 | D:4      | Reached XP level 5. HP: 37/48 MP: 4/4
  3144 | D:4      | Noticed Menkaure
  3149 | D:4      | Killed Menkaure
  3150 | D:4      | Reached skill level 5 in Axes
  3150 | D:4      | Reached XP level 6. HP: 30/57 MP: 5/5
  3403 | D:5      | Entered Level 5 of the Dungeon
  3660 | D:5      | Reached XP level 7. HP: 61/63 MP: 6/6
  3993 | D:5      | Found a staircase to the Ecumenical Temple.
  4156 | Temple   | Entered the Ecumenical Temple
  4588 | D:5      | Found a burning altar of Makhleb.
  5019 | D:5      | Reached XP level 8. HP: 73/73 MP: 7/7
  5197 | D:5      | Gained mutation: You are agile. (Dex +4, Str/Int -1)
                  | [potion of mutation]
  5197 | D:5      | Gained mutation: You are partially covered in iridescent
                  | scales. (AC +2) [potion of mutation]
  5197 | D:5      | Gained mutation: You have a pair of large horns on your
                  | head. [potion of mutation]
  5593 | D:6      | HP: 3/75 [killer bee (5)]
  5594 | D:6      | Succumbed to a killer bee's poison

Illustrated notes

Levels and vault maps discovered:
D:1:      dpeg_arrival_solitude, layout_loops_ring
D:2:      layout_loops_corners, basic_ecumenical_altar, minmay_misc_feat_roman
D:3:      layout_loops_cross, nicolae_overflow_hidden_temple
D:4:      nicolae_cairo_tiling, layout_cave_pools, minmay_between, uniq_menkaure
D:5:      layout_loops_ring, makhleb_blood_cavern_becter,
          minmay_temple_entry_fiery
D:6:      layout_gridville, minmay_holes, kennysheep_generic_room_2
Temple:   nicolae_temple_hex_pool

Skill      XL: |  1  2  3  4  5  6  7  8 |
---------------+-------------------------+-----
Fighting       | 4 5 6 7 8 |  8.3
Armour         | 4 5 6 7 8 |  8.3
Axes           | 3 4 5 6 7 |  7.8
Shields        | |  3.6

Action                   |  1- 3 |  4- 6 |  7- 9 || total
-------------------------+-------+-------+-------++-------
Melee: War axe           |    75 |    93 |    92 ||   260
       Headbutt          |    10 |    10 |    19 ||    39
  Use: Scroll            |     4 |     6 |     4 ||    14
       Potion            |       |       |     1 ||     1
Armor: Scale mail        |    32 |    32 |    39 ||   103
Dodge: Dodged            |    46 |    40 |    41 ||   127
Block: Buckler           |    12 |    13 |    28 ||    53
